 Dungeon Crawl Stone Soup version 0.32-a0-616-g9348d4545b (webtiles) character file.

Game seed: 17583649164296628264

40 Aldia the Trooper (level 3, 0/37 HPs)
             Began as an Oni Warper on Mar 5, 2024.
             Slain by a goblin
             ... wielding a +0 dagger
             ... led by Robin
              (3 damage)
             ... on level 1 of the Dungeon.
             The game lasted 00:01:30 (1028 turns).

Aldia the Trooper (Oni Warper)                      Turns: 1028, Time: 00:01:31

Health: 0/37       AC:  3    Str: 17    XL:     3   Next: 50%
Magic:  6/6        EV:  9    Int: 14    God:
Gold:   79         SH:  0    Dex:  8    Spells: 4/6 levels left

rFire   + . .        a - +0 mace
rCold   . . .        (no shield)
rNeg    . . .        b - +0 robe
rPois   .            (helmet restricted)
rElec   .            (no cloak)
rCorr   .            (gloves unavailable)
SInv    .            (boots unavailable)
Will    .....        (no amulet)
Stlth   +            i - ring of protection from fire
HPRegen 0.26/turn    (no ring)
MPRegen 0.10/turn

%: no passive effects
@: no status effects
A: large, unfitting armour, horns 1, tough skin 1, double potion healing,
drunken brawling
a: no special abilities


You were on level 1 of the Dungeon.
You visited 1 branch of the dungeon, and saw 2 of its levels.

You collected 79 gold pieces.

Inventory:

Hand Weapons
 a - a +0 mace (weapon)
Missiles
 d - 7 darts of dispersal (quivered)
Armour
 b - a +0 robe (worn)
 f - a +0 tower shield
Jewellery
 i - a ring of protection from fire (left hand)
Scrolls
 c - a scroll of blinking
 e - a scroll of teleportation {unknown}
 g - 2 scrolls of identify {unknown}
 k - a scroll of vulnerability {unknown}
 l - a scroll of summoning {unknown}
Potions
 h - a potion of enlightenment {unknown}
 j - a potion of mutation {unknown}


   Skills:
 + Level 3.6 Fighting
 * Level 3.3 Maces & Flails
 - Level 1.0 Throwing
 - Level 2.1 Dodging
 - Level 2.4 Spellcasting
 - Level 2.6 Translocations


You had 4 spell levels left.
You knew the following spells:

 Your Spells              Type           Power      Damage    Failure   Level
a - Blink                 Tloc           18%        N/A       12%         2

Your spell library contained the following spells:

 Spells                   Type           Power      Damage    Failure   Level
 Lesser Beckoning         Tloc           18%        N/A       12%         2
 Teleport Other           Tloc           9%         N/A       22%         3
 Manifold Assault         Tloc           9%         N/A       58%         4
 Vhi's Electric Charge    Tloc/Air       10%        N/A       78%         4


Dungeon Overview and Level Annotations

Branches:
Dungeon (2/15)

Altars:

Shops:
D:1 :

Annotations:
D:2 Robin


Innate Abilities, Weirdness & Mutations

You are too large for most types of armour.
You have a pair of small horns on your head.
You have tough skin. (AC +1)
You gain doubled healing and magic from potions.
Whenever you drink a healing potion, you attack all around you.


Message History

Things that are here:
a +0 club; a goblin corpse
There is a stone staircase leading down here.
You start memorising the spell.
You continue memorising. x2
You finish memorising.
Spell assigned to 'a'.
You start resting.
HP restored.
You climb downwards.
Level annotation: Robin The goblin barely misses you.
The goblin hits you with a +0 dagger. The goblin hits you but does no damage.
The goblin barely misses you. The goblin hits you but does no damage.
The goblin hits you with a +0 dagger.
Robin roars a battlecry!
The goblins go into a battle-frenzy!
There is a stone staircase leading up, spattered with blood here.
Unknown command.
The goblin hits you with a +0 club. The goblin barely misses you.
The goblin hits you with a +0 club. The goblin closely misses you.
You climb upwards.
There is a stone staircase leading down here.
Unknown command.
You closely miss the goblin.
The goblin hits you but does no damage. x2
The goblin closely misses you. The goblin hits you with a +0 club.
You closely miss the goblin. The goblin barely misses you.
The goblin closely misses you. The goblin barely misses you.
The goblin hits you with a +0 dagger.
You hit the goblin.
The goblin is heavily wounded.
The goblin hits you with a +0 dagger. The goblin hits you with a +0 club.
The goblin hits you with a +0 dagger.
You are too injured to fight recklessly!
You are too injured to fight recklessly!
You hit the goblin.
You kill the goblin!
The goblin hits you with a +0 dagger.
* * * LOW HITPOINT WARNING * * *
The goblin hits you with a +0 club.
* * * LOW HITPOINT WARNING * * *
The goblin hits you with a +0 dagger.
You die...

##.##.....#
#.####..#
...##.....#
#.##....#
#####.....#
#.##.##.# #######
#.......#
#########
####.####
#.......# #.#
#.#####.# #.#
#.##....# #)#
#.##.#..######@#
###.#........)ggg#
..........########
###########


You could see 3 goblins.

Vanquished Creatures
  2 endoplasms (D:1)
  A giant cockroach (D:1)
  11 goblins
  7 hobgoblins
  A quokka (D:1)
  2 ball pythons
  3 bats
  A frilled lizard (D:1)
  4 kobolds (D:1)
  3 rats
35 creatures vanquished.

Notes
Turn   | Place    | Note
-------+----------+-------------------------------------------
     0 | D:1      | Aldia the Oni Warper began the quest for the Orb.
     0 | D:1      | Reached XP level 1. HP: 22/22 MP: 3/3
   272 | D:1      | Reached XP level 2. HP: 31/31 MP: 5/5
   555 | D:1      | Reached XP level 3. HP: 34/37 MP: 6/6
   597 | D:1      | Found Guacrigy's Book Shoppe.
   932 | D:2      | Noticed Robin
   978 | D:1      | Learned a level 2 spell: Blink
  1028 | D:1      | Slain by a goblin

Illustrated notes

Levels and vault maps discovered:
D:1:      lemuel_arrival_hallway, layout_loops_cross, serial_shops, shop,
          serial_glass, glass_columns_a, glass_columns_a
D:2:      layout_rooms, grunt_decor_fettered, uniq_robin

Skill      XL: |  1  2 |
---------------+-------+-----
Fighting       | 3 |  3.6
Maces & Flails | 3 |  3.3
Throwing       | |  1.0
Dodging        | |  2.1
Spellcasting   | |  2.4
Translocations | |  2.6

Action                     || total
---------------------------++-------
  Melee: Mace              ||    85
         Headbutt          ||     6
 Armour: Robe              ||   104
  Dodge: Dodged            ||    74

Table legend: (Time is in decaauts)
 A = Elapsed time spent in this place.
 B = Non-inter-level travel time spent in this place.
 C = Inter-level travel time spent in this place.
 D = Time resting spent in this place.
 E = Time spent auto-exploring this place.
 F = Levels seen in this place.
 G = Mean time per level.
                   A        B        C        D        E       F      G
               +--------+--------+--------+--------+--------+-----+--------+
         Total |   1052 |   1014 |     38 |     54 |    735 |   2 |  526.0 |
       Dungeon |   1052 |   1014 |     38 |     54 |    735 |   2 |  526.0 |
               +--------+--------+--------+--------+--------+-----+--------+

Top non-repeatable levels by time:
     D:1: 823 daAuts
     D:2: 229 daAuts
